 Dungeon Crawl Stone Soup version 0.29.0-4-gdea44cf6ec (webtiles) character file.

Game seed: 6486935051128824457

126 qw the Chopper (level 5, -4/30 HPs)
             Began as a Tengu Warper on Aug 29, 2022.
             Slain by a gnoll
             ... wielding a +0 halberd
              (5 damage)
             ... on level 3 of the Dungeon.
             The game lasted 00:01:27 (1912 turns).

qw the Chopper (Tengu Warper)                       Turns: 1912, Time: 00:01:29

Health: -4/30      AC: 12    Str: 14    XL:     5   Next: 10%
Magic:  9/9        EV:  3    Int: 13    God:
Gold:   84         SH: 17    Dex: 13    Spells: 8/8 levels left

rFire   . . .      SeeInvis .   Y - +1 hand axe (freeze)
rCold   . . .      Faith    .   g - +0 tower shield
rNeg    . . .      Spirit   .   k - +0 chain mail
rPois   .          Reflect  +   (helmet restricted)
rElec   .          Harm     .   (no cloak)
rCorr   .          Rampage  .   (no gloves)
Will    .....                   (boots unavailable)
Stlth   ..........              d - amulet of reflection
HPRegen 0.10/turn               f - +4 ring of protection
MPRegen 0.11/turn               (no ring)

@: flying quickly and evasively, quick
A: beak, talons 3, nimble flight
a: no special abilities


You were on level 3 of the Dungeon.
You visited 1 branch of the dungeon, and saw 3 of its levels.

You collected 108 gold pieces.
You spent 24 gold pieces at shops.


Innate Abilities, Weirdness & Mutations

You have a beak for a mouth.
You have claws for feet.
Your magical nature lets you fly swiftly and evasively.


   Skills:
 - Level 2.0 Fighting
 - Level 3.8 Axes
 - Level 1.0 Throwing
 - Level 1.1 Armour
 - Level 2.1 Dodging
 + Level 3.5 Shields
 - Level 2.0 Spellcasting
 - Level 2.4 Translocations


You had 8 spell levels left.
You didn't know any spells.
Your spell library contained the following spells:

 Spells                   Type           Power      Damage    Failure   Level
 Blink                    Tloc           14%        N/A       100%        2
 Gell's Gravitas          Tloc           7%         N/A       100%        3
 Lesser Beckoning         Tloc           7%         N/A       100%        3
 Teleport Other           Tloc           7%         N/A       100%        3
 Manifold Assault         Tloc           7%         N/A       100%        5

Inventory:

Hand Weapons
 c - a +0 whip of venom
 Y - a +1 hand axe of freezing (weapon)
Armour
 g - a +0 tower shield (worn)
 k - a +0 chain mail (worn)
Jewellery
 d - an amulet of reflection (around neck)
 f - a +4 ring of protection (left hand)
Scrolls
 a - 2 scrolls of identify

Dungeon Overview and Level Annotations

Branches:
Dungeon (3/15)

Altars:

Shops:
D:2 *


Message History

You block the hobgoblin's attack.
The hobgoblin hits you but does no damage.
You slash the hobgoblin! You freeze the hobgoblin.
You kill the hobgoblin!
You closely miss the gnoll. Your peck misses the gnoll.
The gnoll hits you with a +0 whip. You block the gnoll's attack. x2
The gnoll hits you with a +0 whip.
You closely miss the gnoll. You claw the gnoll.
The gnoll is lightly wounded.
You block the gnoll's attack. The gnoll hits you but does no damage.
You slash the gnoll! You freeze the gnoll. Your kick misses the gnoll.
The gnoll is almost dead.
The gnoll hits you but does no damage. You block the gnoll's attack. x2
The gnoll barely misses you.
You hit the gnoll. You freeze the gnoll.
You kill the gnoll!
You block the gnoll's attack. x2
There is a stone staircase leading up, spattered with blood here.
Items here: %%%% ( ))))))) [[.
You hit the gnoll but do no damage. You claw the gnoll.
Your peck misses the gnoll.
The gnoll is lightly wounded.
You block the gnoll's attack. x2; The gnoll hits you but does no damage.
You block the gnoll's attack.
You hit the gnoll. You freeze the gnoll. Your kick misses the gnoll.
The gnoll is heavily wounded.
You block the gnoll's attack. x2
You barely miss the gnoll. Your kick misses the gnoll.
Your peck misses the gnoll.
The gnoll is heavily wounded.
You block the gnoll's attack. x3; The gnoll hits you but does no damage.
You barely miss the gnoll. Your kick misses the gnoll.
The gnoll is heavily wounded.
The gnoll hits you but does no damage.
The gnoll hits you from afar with a +0 halberd!
You closely miss the gnoll. You peck the gnoll.
The gnoll is almost dead.
You block the gnoll's attack.
The gnoll hits you from afar with a +0 halberd.
You die...

.............
...........
.........
....... .....
.g. #g# #@#
#.# #)# ...
..... ..?....
........#
#........#
#........#


You could see 2 gnolls.

Vanquished Creatures
  Robin (D:3)
  2 gnolls (D:3)
  2 adders (D:2)
  3 dart slugs (D:2)
  4 ball pythons
  3 endoplasms
  2 giant cockroaches (D:1)
  14 goblins
  10 hobgoblins
  3 kobolds
  7 quokkas
  3 bats
  3 frilled lizards (D:2)
  6 rats
63 creatures vanquished.

Notes
Turn   | Place    | Note
-------+----------+-------------------------------------------
     0 | D:1      | qw the Tengu Warper began the quest for the Orb.
     0 | D:1      | Reached XP level 1. HP: 12/12 MP: 4/4
     0 | D:1      | 0 ||| qw: Version: 0.1-a-89-g26bdef1
     0 | D:1      | 0 ||| qw: Game counter: 3609
     0 | D:1      | 0 ||| qw: Always use a shield: true
     0 | D:1      | 0 ||| qw: God list: Okawaru
     0 | D:1      | 0 ||| qw: Allow faded altars: false
     0 | D:1      | 0 ||| qw: Do Orc after D:15 true
     0 | D:1      | 0 ||| qw: Do second Lair branch before Depths: true
     0 | D:1      | 0 ||| qw: Lair rune preference: random
     0 | D:1      | 0 ||| qw: Plans: Normal
     0 | D:1      | 0 ||| PLANNING D:1-11
    57 | D:1      | 57 ||| Stepping ~*~*~tactically~*~*~ (stealth).
   112 | D:1      | Found a faded altar of an unknown god.
   120 | D:1      | Reached XP level 2. HP: 17/17 MP: 6/6
   130 | D:1      | Reached skill level 3 in Axes
   227 | D:1      | 227 ||| Stepping ~*~*~tactically~*~*~ (stealth).
   421 | D:1      | 421 ||| Stepping ~*~*~tactically~*~*~ (stealth).
   725 | D:1      | Reached XP level 3. HP: 21/21 MP: 7/7
   906 | D:1      | 906 ||| DROPPING +0 club.
   907 | D:1      | 907 ||| UPGRADING to +0 ring mail.
   917 | D:1      | 917 ||| DROPPING +0 leather armour.
   918 | D:1      | 918 ||| UPGRADING to +0 tower shield.
   923 | D:1      | 923 ||| UPGRADING to +0 chain mail.
   933 | D:1      | 933 ||| DROPPING +0 ring mail.
   934 | D:1      | 934 ||| READING 3 scrolls labelled ICAVEOLULO.
   935 | D:1      | 935 ||| READING scroll labelled COHYIPLESKE.
   936 | D:1      | 936 ||| READING 2 scrolls of identify.
   936 | D:1      | 936 ||| IDENTIFYING lumpy coppery potion
   937 | D:1      | 937 ||| DROPPING scroll of blinking.
   938 | D:1      | 938 ||| DROPPING potion of attraction.
   995 | D:2      | 995 ||| Stepping ~*~*~tactically~*~*~ (hiding).
   999 | D:2      | 999 ||| Stepping ~*~*~tactically~*~*~ (hiding).
  1062 | D:2      | Reached skill level 1 in Shields
  1086 | D:2      | 1086 ||| Stepping ~*~*~tactically~*~*~ (stealth).
  1093 | D:2      | 1093 ||| Stepping ~*~*~tactically~*~*~ (stealth).
  1114 | D:2      | 1114 ||| FLEEEEING.
  1115 | D:2      | 1115 ||| FLEEEEING.
  1116 | D:2      | 1116 ||| FLEEEEING.
  1117 | D:2      | 1117 ||| FLEEEEING.
  1118 | D:2      | 1118 ||| FLEEEEING.
  1120 | D:2      | 1120 ||| FLEEEEING.
  1122 | D:2      | 1122 ||| FLEEEEING.
  1123 | D:2      | 1123 ||| FLEEEEING.
  1124 | D:2      | 1124 ||| FLEEEEING.
  1125 | D:2      | 1125 ||| FLEEEEING.
  1126 | D:2      | 1126 ||| FLEEEEING.
  1127 | D:2      | 1127 ||| FLEEEEING.
  1128 | D:2      | 1128 ||| FLEEEEING.
  1129 | D:2      | 1129 ||| FLEEEEING.
  1130 | D:2      | 1130 ||| FLEEEEING.
  1131 | D:2      | 1131 ||| FLEEEEING.
  1162 | D:2      | 1162 ||| DROPPING +0 mace.
  1186 | D:2      | 1186 ||| READING scroll of brand weapon.
  1186 | D:2      | 1186 ||| BRANDING +0 hand axe of electrocution.
  1395 | D:2      | Found Fukkore's General Store.
  1403 | D:2      | 1403 ||| SHOPLISTING scroll of acquirement (624 gold, have
                  | 85).
  1403 | D:2      | 1403 ||| BUYING scroll of identify (24 gold).
  1403 | D:2      | Bought a scroll of identify for 24 gold pieces
  1420 | D:2      | Reached XP level 4. HP: 26/26 MP: 8/8
  1647 | D:2      | 1647 ||| Stepping ~*~*~tactically~*~*~ (hiding).
  1837 | D:2      | 1837 ||| UPGRADING to amulet of reflection.
  1842 | D:2      | 1842 ||| UPGRADING to +4 ring of protection.
  1843 | D:2      | 1843 ||| READING scroll labelled MOLLEI JIDWETI.
  1844 | D:2      | 1844 ||| READING scroll labelled CERADGHIARO.
  1845 | D:2      | 1845 ||| READING scroll labelled KATUUTTI ESH.
  1865 | D:3      | 1865 ||| Stepping ~*~*~tactically~*~*~ (hiding).
  1871 | D:3      | Noticed Robin
  1893 | D:3      | Reached skill level 3 in Shields
  1897 | D:3      | Killed Robin
  1898 | D:3      | Gained mutation: Your magical nature lets you fly swiftly
                  | and evasively. [Tengu growth]
  1898 | D:3      | Reached XP level 5. HP: 17/30 MP: 9/9
  1911 | D:3      | HP: 1/30 [gnoll/+0 halberd (8)]
  1912 | D:3      | Slain by a gnoll

Levels and vault maps discovered:
D:1:      pf_arrival_petrified_forest, layout_rooms,
          ebering_ecumenical_altar_ruins, dreamdust_princess_corridor, hex_tiny
D:2:      layout_loops_ring, serial_shops, nicolae_shop_statue_plus
D:3:      layout_rooms, grunt_temple_overflow_magic_moments,
          mainiacjoe_overflow_six_doors_small, uniq_robin

Skill      XL: |  1  2  3  4 |
---------------+-------------+-----
Axes           | 3 |  3.8
Shields        | 2 3 |  3.5
Fighting       | |  2.0
Throwing       | |  1.0
Armour         | |  1.1
Dodging        | |  2.1
Spellcasting   | |  2.0
Translocations | |  2.4

Action                   |  1- 3 |  4- 6 || total
-------------------------+-------+-------++-------
Melee: Hand axe          |    79 |    61 ||   140
       Kick              |    15 |    14 ||    29
       Peck              |     9 |     7 ||    16
       Punch             |     1 |       ||     1
Throw: Boomerang         |     7 |       ||     7
  Use: Scroll            |     4 |     3 ||     7
Armor: Leather armour    |     7 |       ||     7
       Chain mail        |    15 |    34 ||    49
Dodge: Dodged            |    20 |     3 ||    23
Block: Tower shield      |    19 |    56 ||    75

Table legend:
 A = Non-vault XP
 B = Vault XP
 C = Vault XP percentage of total XP
 D = Non-vault monster count
 E = Vault monster count
 F = Vault count percentage of total count
                 A         B        C        D         E       F
            +---------+---------+-------+---------+---------+-------
      Total |     147 |      34 |  18.8 |      52 |      11 |  17.5
            +---------+---------+-------+---------+---------+-------
        D:1 |      38 |       0 |   0.0 |      21 |       0 |   0.0
        D:2 |      70 |       0 |   0.0 |      24 |       0 |   0.0
        D:3 |      39 |      34 |  46.6 |       7 |      11 |  61.1
            +---------+---------+-------+---------+---------+-------
